 Dungeon Crawl Stone Soup version 0.23.2 (webtiles) character file.

Game seed: 11574479231738901779

114 Peloso the Covered (level 4, -3/40 HPs)
             Began as a Minotaur Fighter on Apr 7, 2019.
             Slain by an orc
             ... wielding a +0 war axe
              (5 damage)
             ... on level 3 of the Dungeon.
             The game lasted 00:03:17 (1714 turns).

Peloso the Covered (Minotaur Fighter)               Turns: 1714, Time: 00:03:18

Health: -3/40      AC:  9    Str: 20    XL:     4   Next: 67%
Magic:  3/3        EV:  5    Int:  5    God:
Gold:   68         SH:  9    Dex: 11    Spells: 3/3 levels left

rFire    x . .     SeeInvis .   a - +0 long sword
rCold    + . .     Gourm    .   c - +0 shield
rNeg     . . .     Faith    .   k - +0 chain mail
rPois    .         Spirit   .   (helmet restricted)
rElec    .         Reflect  .   (no cloak)
rCorr    .         Harm     .   (no gloves)
MR       .....                  (no boots)
Stlth    ..........             (no amulet)
HPRegen  0.13/turn              i - ring of ice
MPRegen  0.08/turn              n - ring of wizardry

@: no status effects
A: retaliatory headbutt, horns 2
a: no special abilities


You were on level 3 of the Dungeon.
You were hungry.

You visited 1 branch of the dungeon, and saw 3 of its levels.

You collected 68 gold pieces.

Inventory:

Hand Weapons
 a - a +0 long sword (weapon)
Armour
 b - a +0 scale mail
 c - a +0 shield (worn)
 k - a +0 chain mail (worn)
Jewellery
 i - a ring of ice (left hand)
 n - a ring of wizardry (right hand)
Scrolls
 g - a scroll of teleportation {unknown}
 m - 2 scrolls of identify {unknown}
 o - a scroll of remove curse {unknown}
 p - 2 scrolls of immolation {unknown}
Potions
 d - 3 potions of might
 e - a potion of degeneration {unknown}
 h - a potion of curing {unknown}
 j - a potion of heal wounds {unknown}
 l - a potion of mutation {unknown}
Comestibles
 f - 4 rations


   Skills:
 + Level 4.3 Fighting
 + Level 3.4 Long Blades
 + Level 4.8 Armour
 + Level 0.4 Dodging
 + Level 0.1 Stealth
 + Level 4.5 Shields


You had 3 spell levels left.
You didn't know any spells.
Your spell library was empty.

Dungeon Overview and Level Annotations

Branches:
Dungeon (3/15)

Altars:


Innate Abilities, Weirdness & Mutations

You reflexively headbutt those who attack you in melee.
You have a pair of horns on your head.


Message History

The orc hits you but does no damage. You block the orc's attack.
The orc priest hits you with a +0 flail.
The orc hits you with a +0 flail.
Your shield prevents you from hitting the orc.
You headbutt the orc.
The orc is severely wounded.
You block the orc's attack.
The orc priest mumbles some strange prayers to Beogh against you.
Beogh smites you!
* * * LOW HITPOINT WARNING * * *
The orc hits you with a +0 war axe.
* * * LOW HITPOINT WARNING * * *
The orc priest completely misses you.
You riposte.
You hit the orc priest.
The orc priest is moderately wounded.
The orc hits you but does no damage. The orc completely misses you.
Okay, then.
You closely miss the orc priest. You headbutt the orc priest!
The orc priest is severely wounded.
The orc hits you with a +0 war axe.
You die...

..## ##.# #...#.# #.#...##.
#..#######.# #####.# #.#...##.
..)#.......# #.# #.#...##.
##......(..####### #.# #........
###..............###.#######.###.
....#####..#####.#........(..# #.
.....# #..# #.############# #.
...#.## #..# ###o####### #.
...#..# #..# #..@oo..... #.
#####.###..# #..oo...... #.
#.........# #.......... #.
#.##..###.# ###........ # ##.#
#.# ######### #.. #.# #♣♣♣♣♣#


You could see 2 orc priests and 3 orcs.

Vanquished Creatures
  3 gnolls (D:2)
  2 adders (D:2)
  An adder skeleton (D:2)
  2 dart slugs (D:1)
  A leopard gecko (D:2)
  6 orcs
  3 bats
  A bat skeleton (D:2)
  A giant cockroach (D:2)
  2 goblins
  10 hobgoblins
  4 jackals (D:2)
  4 frilled lizards
  4 kobolds
  A leopard gecko skeleton (D:2)
  A leopard gecko zombie (D:2)
  A quokka zombie (D:2)
  8 rats
55 creatures vanquished.

Notes
Turn   | Place    | Note
-------+----------+-------------------------------------------
     0 | D:1      | Peloso the Minotaur Fighter began the quest for the Orb.
     0 | D:1      | Reached XP level 1. HP: 19/19 MP: 0/0
   262 | D:1      | Reached XP level 2. HP: 25/27 MP: 1/1
   780 | D:2      | Reached XP level 3. HP: 30/33 MP: 2/2
  1006 | D:2      | Reached XP level 4. HP: 36/40 MP: 3/3
  1713 | D:3      | HP: 2/40 [orc/+0 war axe (3)]
  1714 | D:3      | Slain by an orc

Skill      XL: |  1  2  3 |
---------------+----------+-----
Shields        | 4 |  4.5
Armour         | 4 |  4.8
Fighting       | 4 |  4.3
Long Blades    | 3 |  3.4
Dodging        | |  0.4
Stealth        | |  0.1

Action                   |  1- 3 |  4- 6 || total
-------------------------+-------+-------++-------
Melee: Long sword        |    70 |    54 ||   124
       Headbutt          |    10 |    10 ||    20
  Eat: Chunk             |       |     2 ||     2
Armor: Scale mail        |     5 |       ||     5
       Chain mail        |    32 |    35 ||    67
Dodge: Dodged            |    23 |    19 ||    42
Block: Shield            |    35 |    37 ||    72
       Rpst.: Long sword |     4 |     4 ||     8
